 Dungeon Crawl Stone Soup version 0.29.1-13-g9f3cf754e1 (webtiles) character file.

Game seed: 14449851337648319720

9022 Hrothgar the Cleaver (level 11, 0/94 HPs)
             Began as a White Draconian Berserker on Feb 4, 2023.
             Was an Elder of Trog.
             Slain by a reaper
             ... wielding a +2 scythe of freezing
              (1 damage)
             ... in an ice cave.
             The game lasted 00:40:35 (10447 turns).

Hrothgar the Cleaver (White Draconian Berserker)   Turns: 10447, Time: 00:40:35

Health: 0/94       AC: 11    Str: 20    XL:     11   Next: 17%
Magic:  11/11      EV: 19    Int: 17    God:    Trog [****..]
Gold:   990        SH:  0    Dex: 15    Spells: 10/10 levels left

rFire   . . .      SeeInvis +   N - +8 executioner's axe of Spring {flame, rPois Int+2 SInv}
rCold   + + .      Faith    .   (shield currently unavailable)
rNeg    . . .      Spirit   .   (body armour unavailable)
rPois   +          Reflect  .   (helmet restricted)
rElec   .          Harm     .   (no cloak)
rCorr   .          Rampage  ∞   (no gloves)
Will    .....                   B - +3 pair of seven-league boots {Rampage+∞}
Stlth   +++.......              (no amulet)
HPRegen 0.25/turn               k - +6 ring of dexterity
MPRegen 0.12/turn               i - +4 ring of evasion

@: short of breath
A: breathe frost, AC +7, unfitting armour, cold resistance 2, cold-blooded,
clever 1, deterioration 1, sense surroundings 1
a: Breathe Frost, Renounce Religion, Berserk, Trog's Hand, Brothers in Arms


You were in an ice cave.
You worshipped Trog.
Trog was greatly pleased with you.
You visited 2 branches of the dungeon, and saw 9 of its levels.
You also visited: Ossuary and Ice Cave.

You collected 990 gold pieces.

Inventory:

Hand Weapons
 a - a +0 hand axe
 m - a +2 vorpal war axe
 C - a +3 halberd
 G - a +1 shortbow of freezing
 N - the +8 executioner's axe of Spring (weapon) {flame, rPois Int+2 SInv}
   (You acquired it on level 4 of the Dungeon)

   It burns those it strikes, dealing additional fire damage.
   Big, fiery blades are also staple armaments of hydra-hunters.
   Int:       It affects your intelligence (+2).
   rPois:     It protects you from poison.
   SInv:      It lets you see invisible.
Missiles
 v - 10 boomerangs (quivered)
 F - 15 poisoned darts
 I - a curare-tipped dart
 M - 3 datura-tipped darts
Armour
 B - the +3 pair of seven-league boots (worn) {Rampage+∞}
   (You acquired it on level 4 of the Dungeon)

   Its wearer moves as far as possible in that direction when moving towards
   enemies.
Jewellery
 i - a +4 ring of evasion (right hand)
 k - a +6 ring of dexterity (left hand)
 H - a ring of willpower
Wands
 u - a wand of digging (7)
 w - a wand of mindburst (1)
 x - a wand of flame (45)
 K - a wand of polymorph (10)
 L - a wand of paralysis (9)
Scrolls
 b - 5 scrolls of teleportation
 h - 3 scrolls of immolation
 l - a scroll of amnesia
 r - 3 scrolls of fog
 y - 2 scrolls of vulnerability
 A - 3 scrolls of enchant armour
 J - 2 scrolls of poison
Potions
 c - a potion of flight {unknown}
 d - a potion of attraction {unknown}
 f - 4 potions of lignification
 g - a potion of curing
 j - a potion of mutation
 n - 2 potions of brilliance
 o - a potion of berserk rage {unknown}
 p - a potion of ambrosia {unknown}
 q - a potion of degeneration {unknown}
 s - 4 potions of heal wounds {unknown}
 t - a potion of resistance {unknown}
 z - a potion of magic {unknown}
 D - 2 potions of might {unknown}


   Skills:
 * Level 7.9 Fighting
 * Level 12.0(12.3) Axes
 * Level 4.1(8.8) Polearms
 * Level 2.2 Ranged Weapons
 * Level 3.4 Throwing
 * Level 6.3 Dodging
 * Level 5.4 Stealth
 * Level 3.7 Evocations


You had 10 spell levels left.
You didn't know any spells.
Your spell library was empty.

Dungeon Overview and Level Annotations

Branches:
Dungeon (8/15)             Temple (0/1) D:7            Lair (1/5) D:8
Ossuary (visited)           IceCv (1/1)

Altars:
Sif Muna


Innate Abilities, Weirdness & Mutations

You can breathe waves of freezing cold which knock back foes.
Your icy white scales are hard. (AC +7)
You cannot fit into any form of body armour.
Your flesh is very cold resistant. (rC++)
You are cold-blooded and may be slowed by cold attacks.
Your mind is acute. (Int +4, Str/Dex -1)
Your body sometimes deteriorates upon taking damage.
You passively map a small area around you.


Message History

Here: a reaper, wielding a +2 scythe of freezing, wearing a +0 robe of cold resistance and wearing a ring of protection from cold The floor.
You fail to use your ability.
The ufetubus hits you but does no damage.
The ufetubus closely misses you.
You fail to use your ability.
The ufetubus hits you. The ufetubus misses you.
Unknown command.
You fail to use your ability.
The ufetubus completely misses you. The ufetubus closely misses you.
The reaper misses you. The ufetubus completely misses you. x2
Unknown command.
You closely miss the ufetubus. The ufetubus closely misses you.
The ufetubus barely misses you. The reaper closely misses you.
The ufetubus barely misses you. x2
You barely miss the ufetubus. The ufetubus misses you. x2
The reaper misses you. The ufetubus closely misses you.
The ufetubus misses you. The reaper misses you.
You closely miss the ufetubus. You tail-slap the ufetubus.
The ufetubus is severely wounded.
The ufetubus barely misses you.
The ufetubus hits you but does no damage.
The reaper hits you from afar with a +2 scythe of freezing.
The ufetubus barely misses you. The ufetubus misses you.
You barely miss the ufetubus.
The ufetubus is severely wounded.
The ufetubus hits you. The ufetubus barely misses you.
The reaper hits you from afar with a +2 scythe of freezing!!
* * * LOW HITPOINT WARNING * * *
The reaper freezes you.
* * * LOW HITPOINT WARNING * * *
The ufetubus misses you. The ufetubus completely misses you.
Aiming: Breathe Frost (3% risk of failure)
Press: ? - help, Shift-Dir - straight line, f - ufetubus
Aim: an ufetubus (severely wounded, 48% to hit)
You exhale a wave of freezing cold.
The freezing breath misses the ufetubus.
The reaper hits you from afar with a +2 scythe of freezing!
* * * LOW HITPOINT WARNING * * *
The reaper freezes you.
You die...

* ** #, .. ##.##
,,,* * .....##*
#......###
,,#.2...####
#..5@.#..###
,#..###.°§○☼## *,,
, , #......§.○°.##
* #
.....##§☼§§§.○#
#......##.°§....##
, ~ *,......
#○.§§§☼.##
.##..####..§§○☼##
*
,..##.......§☼###
# §§☼.°......###


You could see a reaper and an ufetubus.

Vanquished Creatures
  A hydra (Lair:1)
  Pikel (D:7)
  2 ice statues (IceCv)
  2 rime drakes (Lair:1)
  A freezing wraith (IceCv)
  4 ice devils (IceCv)
  Sigmund (D:2)
  6 yaks (D:5)
  2 steam dragons
  Edmund (D:4)
  2 harpy simulacra (IceCv)
  2 water moccasins
  2 orc warriors (D:7)
  A sky beast (D:8)
  2 black bears
  2 ice beasts
  3 ogres
  4 centaurs
  2 phantoms
  4 bullfrogs
  2 kobold brigands (D:8)
  5 scorpions
  A necrophage (D:6)
  2 cane toad simulacra (IceCv)
  A two-headed ogre simulacrum (IceCv)
  3 wights (D:7)
  2 elephant simulacra (IceCv)
  6 killer bees (D:7)
  A howler monkey (D:4)
  2 jellies (D:7)
  A human zombie (Ossuary)
  3 hounds
  2 orc priests
  A gnoll bouda (D:7)
  2 iguanas (D:4)
  4 orc wizards
  2 polar bear simulacra (IceCv)
  A spriggan simulacrum (IceCv)
  5 troll simulacra (IceCv)
  2 mummies (Ossuary)
  Robin (D:2)
  3 gnolls (D:7)
  7 adders
  A white imp (D:6)
  8 ufetubi
  A worm (D:5)
  2 dart slugs
  21 orcs
  8 ball pythons
  6 bats
  10 endoplasms
  4 giant cockroaches
  4 gnoll zombies (Ossuary)
  10 hobgoblins
  4 quokkas
  9 frilled lizards
  16 goblins
  A goblin zombie (Ossuary)
  7 hobgoblin zombies (Ossuary)
  20 kobolds
  An orc zombie (Ossuary)
  2 rats (D:3)
  2 rat zombies (D:5)
241 creatures vanquished.

Vanquished Creatures (others)
  2 fungi
  3 plants (D:4)
5 creatures vanquished.

Grand Total: 246 creatures vanquished

Notes
Turn   | Place    | Note
-------+----------+-------------------------------------------
     0 | D:1      | Hrothgar the Draconian Berserker began the quest for the
                  | Orb.
     0 | D:1      | Reached XP level 1. HP: 19/19 MP: 1/1
   414 | D:1      | Reached XP level 2. HP: 25/26 MP: 2/2
   517 | D:2      | Noticed Robin
   525 | D:2      | Reached XP level 3. HP: 33/33 MP: 3/3
   533 | D:2      | Killed Robin
   533 | D:2      | Reached ** piety under Trog
   634 | D:2      | Reached XP level 4. HP: 13/40 MP: 4/4
   719 | D:2      | Reached skill level 4 in Axes
  2132 | D:2      | Reached skill level 1 in Stealth
  2319 | D:2      | Noticed Sigmund
  2326 | D:2      | Killed Sigmund
  2327 | D:2      | Reached skill level 5 in Axes
  2327 | D:2      | Reached XP level 5. HP: 47/47 MP: 5/5
  2327 | D:2      | Reached XP level 6. HP: 53/53 MP: 6/6
  2713 | D:4      | Reached skill level 6 in Axes
  2713 | D:4      | Your scales start taking on an icy white colour.
  2713 | D:4      | Reached XP level 7. HP: 40/60 MP: 7/7
  2713 | D:4      | Gained mutation: Your flesh is cold resistant. (rC+) [White
                  | Draconian growth]
  2794 | D:5      | Entered Level 5 of the Dungeon
  2843 | D:5      | Reached *** piety under Trog
  3171 | D:5      | Reached skill level 5 in Fighting
  3206 | D:5      | Found a sand-covered staircase.
  3221 | Ossuary  | Entered an ossuary
  3238 | Ossuary  | Reached skill level 7 in Axes
  3669 | D:5      | Noticed a yak
  3669 | D:5      | Noticed a yak
  3669 | D:5      | Noticed a yak
  3670 | D:5      | Noticed a yak
  3671 | D:5      | Noticed a yak
  3674 | D:5      | Killed a yak
  3674 | D:5      | Noticed a yak
  3675 | D:5      | Reached XP level 8. HP: 54/68 MP: 8/8
  3684 | D:5      | Reached skill level 8 in Axes
  3707 | D:5      | Reached skill level 9 in Axes
  3707 | D:5      | Reached skill level 5 in Dodging
  4376 | D:6      | Reached XP level 9. HP: 75/75 MP: 9/9
  4416 | D:6      | Gained mutation: Your flesh is very cold resistant. (rC++)
                  | [potion of mutation]
  4416 | D:6      | Gained mutation: Your body sometimes deteriorates upon
                  | taking damage. [potion of mutation]
  4416 | D:6      | Gained mutation: You passively map a small area around you.
                  | [potion of mutation]
  4416 | D:6      | Gained mutation: Your mind is acute. (Int +4, Str/Dex -1)
                  | [potion of mutation]
  4509 | D:7      | Noticed Pikel
  4522 | D:7      | Found a staircase to the Ecumenical Temple.
  4534 | D:7      | Reached **** piety under Trog
  4535 | D:7      | Reached skill level 1 in Throwing
  4710 | D:7      | Reached skill level 1 in Evocations
  4812 | D:7      | Reached skill level 10 in Axes
  5139 | D:7      | Killed Pikel
  5511 | D:7      | Reached XP level 10. HP: 69/86 MP: 10/10
  5792 | D:7      | Found a shimmering blue altar of Sif Muna.
  5801 | D:7      | Reached skill level 1 in Polearms
  6533 | D:8      | Found a staircase to the Lair.
  7031 | D:7      | Reached skill level 11 in Axes
  7634 | D:4      | Identified 3 scrolls of acquirement
  7635 | D:4      | Acquired 300 gold pieces
  7637 | D:4      | Acquired the +8 executioner's axe of Spring {flame, rPois
                  | Int+2 SInv}
  7642 | D:4      | Acquired the +3 pair of seven-league boots {Rampage+∞}
  7642 | D:4      | Found the +3 pair of seven-league boots {Rampage+∞}
  7678 | D:4      | Noticed Edmund
  7684 | D:4      | Killed Edmund
  7788 | D:4      | Reached skill level 1 in Ranged Weapons
  9076 | D:3      | You fall into a shaft and drop 2 floors!
  9237 | Lair:1   | Entered Level 1 of the Lair of Beasts
  9340 | Lair:1   | Noticed a six-headed hydra
  9345 | Lair:1   | Killed a four-headed hydra
  9354 | Lair:1   | Reached skill level 5 in Stealth
  9356 | Lair:1   | Found a frozen archway.
  9369 | IceCv    | Entered an ice cave
  9906 | IceCv    | Noticed an ice statue
  9906 | IceCv    | Noticed an ice statue
  9917 | IceCv    | Killed an ice statue
 10035 | IceCv    | Killed an ice statue
 10248 | IceCv    | Reached XP level 11. HP: 74/93 MP: 11/11
 10437 | IceCv    | Noticed a reaper
 10440 | IceCv    | Reached skill level 12 in Axes
 10447 | IceCv    | HP: 1/94 [reaper/+2 scythe of freezing (17)]
 10447 | IceCv    | Slain by a reaper

Illustrated notes

Levels and vault maps discovered:
D:1:      zelgadis_glass_arrival_small, layout_basic
D:2:      layout_basic, grunt_ministairs_11, minmay_tetromino_l2, uniq_robin,
          uniq_sigmund
D:3:      layout_basic, shapermc_ecumenical_altar_mp_urbaneastern
D:4:      layout_basic, minmay_lizard_king, uniq_edmund
D:5:      layout_loops_ring, enter_ossuary_4, corexii_checkpoint_a,
          kennysheep_another_room, amcnicky_mini_corridor_feature
D:6:      layout_loops_cross
D:7:      minmay_razor_zed, layout_loops_ring, kennysheep_mini,
          minmay_temple_entry_drinking_statues, uniq_pikel
D:8:      layout_basic, lair_entry_dummy
Lair:1:   layout_regular_city, portal_ice_cave_rime, serial_bayou_ford_a,
          infiniplex_staircase_pool_2
IceCv:    ice_cave_small_demon

Skill      XL: |  1  2  3  4  5  6  7  8  9 10 11 |
---------------+----------------------------------+-----
Dodging        | 3 4 5 6 |  6.3
Axes           | 5 6 7 9 10 11 12 | 12.0
Stealth        | 1 2 3 4 5 |  5.4
Fighting       | 4 5 6 7 |  7.9
Throwing       | 2 3 |  3.4
Evocations     | 2 3 |  3.7
Polearms       | 4 |  4.1
Ranged Weapons | 1 2 |  2.2

Action                   |  1- 3 |  4- 6 |  7- 9 | 10-12 || total
-------------------------+-------+-------+-------+-------++-------
Melee: Hand axe          |    66 |    28 |       |       ||    94
       Tailslap          |     7 |     7 |    23 |    25 ||    62
       War axe           |       |    64 |   176 |       ||   240
       Punch             |       |       |     3 |       ||     3
       Halberd           |       |       |    21 |    69 ||    90
       Executioner's axe |       |       |       |   100 ||   100
 Fire: Shortbow          |       |       |       |     7 ||     7
Throw: Boomerang         |       |       |     3 |     8 ||    11
       Dart              |       |       |       |     1 ||     1
Invok: Berserk           |     1 |     5 |     7 |     7 ||    20
       Trog's Hand       |       |     1 |     1 |       ||     2
 Abil: Breathe Frost     |       |       |    11 |    16 ||    27
Evoke: Wand              |       |       |     2 |     5 ||     7
  Use: Scroll            |     1 |     2 |     7 |     9 ||    19
       Potion            |       |       |     2 |     4 ||     6
 Stab: Sleeping          |       |     2 |     4 |     1 ||     7
       Paralysed         |       |       |       |     2 ||     2
       Distracted        |       |       |       |     1 ||     1
Armor: Skin              |    27 |    35 |    63 |    60 ||   185
Dodge: Dodged            |    44 |    81 |   119 |   196 ||   440
